 Dungeon Crawl Stone Soup version 0.30-a0-718-geaa24f58ff (webtiles) character file.

Game seed: 6006964093006908823

197505 mopl the Merfolkian Blade (level 18, -25/220 HPs)
             Began as a Merfolk Berserker on Jan 25, 2023.
             Was a High Priest of Trog.
             Annihilated by Asterion
             ... wielding a +1 demon trident of venom
              (28 damage)
             ... on level 1 of the Snake Pit.
             The game lasted 01:15:52 (29015 turns).

mopl the Merfolkian Blade (Merfolk Berserker)      Turns: 29015, Time: 01:15:52

Health: -25/220    AC: 21    Str: 23    XL:     18   Next: 41%
Magic:  16/16      EV: 29    Int:  8    God:    Trog [*****.]
Gold:   2687       SH:  5    Dex: 14    Spells: 17/17 levels left

rFire   + . .      SeeInvis +    a - +5 triple sword (flame)
rCold   + . .      Faith    .    (shield currently unavailable)
rNeg    . . .      Spirit   .    S - +0 swamp dragon scales
rPois   +          Reflect  +    y - +2 helmet
rElec   .          Harm     .    L - +2 cloak {rCorr}
rCorr   +          Rampage  .    D - +0 pair of gloves
Will    +....                    t - +1 pair of boots Stlth
                                 Z - amulet of Exof {Reflect rC+ SH+5}
HPRegen 0.56/turn                T - ring of the Hare {EV+10}
MPRegen 0.15/turn                W - ring "Adoatuc" {rF+ SInv}

@: berserking (expiring), lethally poisoned (-25 -> -29), very quick
A: (nimble swimmer 2), mertail, low MP 1
}: 1/15 runes: decaying
a: Renounce Religion, Berserk, Trog's Hand, Brothers in Arms


You were on level 1 of the Snake Pit.
You worshipped Trog.
Trog was extremely pleased with you.
You visited 5 branches of the dungeon, and saw 27 of its levels.
You also visited: Gauntlet and Ice Cave.

You collected 3787 gold pieces.
You spent 1100 gold pieces at shops.

Inventory:

Hand Weapons
 a - a +5 triple sword of flaming (weapon)
 b - a +2 antimagic triple sword
Missiles
 d - 29 boomerangs
 f - 16 javelins
 g - 38 poisoned darts (quivered)
 A - 11 curare-tipped darts
 H - 3 throwing nets
Armour
 t - a +1 pair of boots (worn)
 y - a +2 helmet (worn)
 D - a +0 pair of gloves (worn)
 L - a +2 cloak of preservation (worn)
 S - +0 swamp dragon scales (worn)
Jewellery
 T - the ring of the Hare (left hand) {EV+10}
   (You found it in a Gauntlet)

   [ring of evasion]

   EV:        It affects your evasion (+10).
 W - the ring "Adoatuc" (right hand) {rF+ SInv}
   (You found it on level 4 of the Lair of Beasts)

   [ring of see invisible]

   rF:        It protects you from fire.
   SInv:      It lets you see invisible.
 Z - the amulet of Exof (around neck) {Reflect rC+ SH+5}
   (You found it in an ice cave)

   [amulet of reflection]

   It reflects blocked missile attacks.
   rC:        It protects you from cold.
   SH:        It affects your SH (+5).
Wands
 j - a wand of roots (4)
 u - a wand of charming (51)
 F - a wand of digging (14)
 I - a wand of acid (37)
 J - a wand of mindburst (15)
 K - a wand of flame (63)
 Y - a wand of polymorph (12)
Scrolls
 c - 7 scrolls of fog
 h - a scroll of magic mapping
 n - 2 scrolls of butterflies
 q - 7 scrolls of teleportation
 r - 8 scrolls of immolation
 s - 3 scrolls of poison
 z - a scroll of silence {!r}
 E - 6 scrolls of fear
 M - 6 scrolls of vulnerability
Potions
 i - 8 potions of might
 l - 5 potions of haste
 m - 3 potions of magic
 o - a potion of heal wounds
 p - 12 potions of curing
 v - a potion of invisibility
 B - a potion of cancellation
 G - 6 potions of flight
 N - 4 potions of resistance
 P - 2 potions of lignification {!q}
Miscellaneous
 w - a box of beasts
 x - a condenser vane (inert)
 O - a lightning rod (4/4)
 Q - a phial of floods
 R - a tin of tremorstones (2/2)
 U - a piece from Xom's chessboard (15/15)
 X - a phantom mirror


   Skills:
 + Level 14.6 Fighting
 * Level 21.4 Long Blades
 + Level 13.0 Throwing
 + Level 10.3 Armour
 + Level 16.9 Dodging
 + Level 10.9 Evocations


You had 17 spell levels left.
You didn't know any spells.
Your spell library was empty.

Dungeon Overview and Level Annotations

Branches:
Dungeon (15/15)            Temple (0/1) D:5            Lair (5/5) D:10
  Swamp (4/4) Lair:2        Snake (1/4) Lair:2        Slime (0/5) Lair:5
    Orc (2/2) D:9             Elf (0/3) Orc:2        Vaults (0/5) D:14
 Depths (0/4) D:15          IceCv (visited)         Gauntlet (visited)

Altars:
Gozag
Okawaru
Qazlal
Wu Jian
Yredelemnul
Jiyva

Shops:
D:9 *   D:10 (   Orc:1 *   Orc:2 [*[!![

Portals:
Trove: D:12 (give +6 demon blade)

Annotations:
Snake:1 Asterion


Innate Abilities, Weirdness & Mutations

((You are very nimble when in or above water. (Stealth+, EV+, Speed+++)))
Your lower body shifts to a powerful aquatic tail in water.
Your magical capacity is low. (-10% MP)


Message History

The bolt of electricity hits you!!
* * * LOW HITPOINT WARNING * * *
The anaconda barely misses you.
The anaconda bites you but does no damage.
Unknown command.
You closely miss the anaconda.
You feel sick.
Asterion hits you from afar with a +1 demon trident of venom!
* * * LOW HITPOINT WARNING * * *
You block the black mamba's attack.
A salamander comes into view. It is wielding a +2 trident.
The anaconda misses you. x2
The guardian serpent hits you but does no damage.
The shock serpent misses you. The cacodemon barely misses you.
The cacodemon hits you.
* * * LOW HITPOINT WARNING * * *
You miss the anaconda.
You feel sick. Asterion hits you but does no damage.
The black mamba misses you.
You slice the anaconda!! You burn the anaconda.
The anaconda is heavily wounded.
You feel sick. The anaconda closely misses you.
You block the anaconda's attack. The guardian serpent misses you.
The shock serpent completely misses you.
The salamander misses you. The black mamba completely misses you.
Asterion completely misses you.
You miss the anaconda.
The anaconda is heavily wounded.
You feel sick. You block the anaconda's attack.
The anaconda completely misses you. You block the cacodemon's attack.
The cacodemon hits you but does no damage.
The guardian serpent hits you but does no damage.
The shock serpent shoots out a bolt of lightning at you!
The bolt of electricity hits you!
* * * LOW HITPOINT WARNING * * *
The black mamba completely misses you.
You slash the anaconda! You burn the anaconda.
The anaconda is almost dead.
You feel sick. The anaconda misses you. The anaconda bites you!
* * * LOW HITPOINT WARNING * * *
Asterion hits you from afar with a +1 demon trident of venom!!
You die...

......##.#####.......#####
..##.###S## #...........#
#.##.###.S####.......###.#
........S.S....>.........
#.##.######....#...######
#.##.# ####N###### #.#..#
##.NH#...## #.#.##
##..SSS....## #.#.#
#...SS@S.)..# #.#!#
#....2......# #>#.#
#...........# #.).##
##.........## #....#
##...#...## #....#
######### #....# #....#
#....#


You could see Asterion (fast), a cacodemon (summoned), 2 salamanders, an
anaconda, a shock serpent, a mana viper, a guardian serpent and 2 black mambas.

Vanquished Creatures
  Jorgrun (Snake:1)
  Frances (D:13)
  Gastronok (Lair:2)
  Agnes (Lair:2)
  6 thorn hunters
  4 fenstrider witches
  Louise (Snake:1)
  4 ghouls
  4 eleionomae
  A minotaur (Gauntlet)
  9 bunyips
  A green death (Swamp:4)
  A blizzard demon (Swamp:4)
  An ettin (Orc:2)
  An entropy weaver (shapeshifter) (D:14)
  3 vault guards (D:14)
  A rakshasa (D:15)
  A shambling mangrove (Swamp:3)
  2 great orbs of eyes
  2 spriggan air magi
  19 hydras
  A catoblepas (Lair:2)
  3 anacondas
  4 centaur warriors
  An ice dragon (IceCv)
  3 ghost crabs
  4 ogre magi
  8 two-headed ogres
  2 tengu warriors (D:14)
  5 alligators
  A naga warrior (Snake:1)
  A death knight (D:7)
  7 boulder beetles
  A hell hog (Gauntlet)
  6 death yaks
  A spriggan berserker (Swamp:3)
  A shock serpent (Lair:2)
  3 orc high priests (Orc:2)
  A soul eater (Swamp:4)
  Urug (Lair:1)
  4 hell knights (D:13)
  Sonja (Lair:1)
  A sixfirhy (Swamp:4)
  6 skeletal warriors
  6 spriggan druids
  8 goliath frogs
  7 bog bodies
  5 swamp dragons
  3 necromancers (D:13)
  5 wizards
  15 orc knights
  2 deep elf zephyrmancers (Swamp:4)
  7 orc sorcerers
  A deep elf pyromancer (D:8)
  A manticore (D:7)
  13 ugly things
  6 will-o-the-wisps
  A faun (shapeshifter) (D:15)
  Maurice (D:8)
  8 cyclopes
  11 black mambas
  3 ice statues
  A smoke demon (Gauntlet)
  An eye of devastation (Lair:5)
  A rust devil (D:13)
  A gargoyle (D:7)
  A guardian serpent (shapeshifter) (D:13)
  Maggie (D:7)
  9 cane toads
  3 orange demons
  An efreet (D:14)
  3 kobold demonologists
  6 rime drakes
  A freezing wraith (D:14)
  7 komodo dragons
  7 ice devils (D:10)
  7 trolls
  A tengu conjurer (D:14)
  10 polar bears
  13 tyrant leeches
  2 hellwings (Swamp:4)
  A raiju (Gauntlet)
  2 queen bees (shapeshifter) (D:14)
  14 blink frogs
  16 hornets
  7 dream sheep
  3 centaur simulacra
  23 spriggans
  6 slime creatures (D:15)
  2 shadows
  A spriggan (shapeshifter) (D:13)
  2 wyverns
  57 yaks
  4 basilisks
  7 humans (D:14)
  2 fire bats (Gauntlet)
  3 wraiths
  A chaos spawn (Swamp:4)
  A death yak simulacrum (Lair:5)
  21 vampire mosquitoes
  5 steam dragons
  2 neqoxecs (Swamp:4)
  9 swamp worms
  4 wargs
  8 nagas
  10 hell hounds
  12 water moccasins
  A floating eye (shapeshifter) (D:7)
  A floating eye (Lair:5)
  5 swamp drakes (Swamp:3)
  25 orc warriors
  4 black bears
  3 sky beasts (D:7)
  5 ice beasts
  6 centaurs
  9 ogres
  4 boggarts (Lair:5)
  22 wolves
  2 phantoms
  The ghost of kae the Changer, an amateur DsTm (D:3)
  4 kobold brigands
  11 bullfrogs
  A gnoll sergeant (D:12)
  3 scorpions
  A necrophage (D:7)
  7 killer bees
  4 lindwurm simulacra (IceCv)
  2 elephant simulacra (Lair:5)
  4 howler monkeys
  4 crimson imps (Gauntlet)
  5 komodo dragon simulacra (IceCv)
  15 orc priests
  3 hounds
  3 gnoll boudas
  4 jellies
  7 iguanas
  28 orc wizards
  8 hell rats
  19 gnolls
  9 acid dragon simulacra (IceCv)
  6 adders
  2 shadow imps
  4 white imps
  3 steam dragon simulacra (IceCv)
  7 ufetubi
  4 worms
  3 dart slugs
  90 orcs
  6 endoplasms
  3 giant cockroaches
  3 goblins
  6 hobgoblins
  9 jackals
  12 kobolds
  2 quokkas
  8 ball pythons
  7 bats
  8 frilled lizards
  2 rats
948 creatures vanquished.

Vanquished Creatures (collateral kills)
  An orc priest (Orc:2)
  An orc wizard (Orc:2)
2 creatures vanquished.

Vanquished Creatures (others)
  A fenstrider witch (Swamp:4)
  A hydra (Swamp:3)
  A manticore (D:14)
  A rust devil (D:13)
  2 rime drakes (IceCv)
  2 humans (D:14)
  A swamp worm (Swamp:3)
  An orc priest (Orc:2)
  3 orcs
  A briar patch (Swamp:4)
  A bush (Lair:3)
  37 foxfires
  13 fungi
  26 plants
91 creatures vanquished.

Grand Total: 1041 creatures vanquished

Notes
Turn   | Place    | Note
-------+----------+-------------------------------------------
     0 | D:1      | mopl the Merfolk Berserker began the quest for the Orb.
     0 | D:1      | Reached XP level 1. HP: 18/18 MP: 1/1
   225 | D:1      | Reached XP level 2. HP: 20/24 MP: 2/2
   406 | D:1      | Reached skill level 3 in Dodging
   443 | D:1      | Reached skill level 4 in Long Blades
   739 | D:2      | Reached XP level 3. HP: 18/29 MP: 3/3
   789 | D:2      | Found the +8 trident of the Octopus King {venom, rElec
                  | rPois}
   842 | D:2      | Reached ** piety under Trog
   895 | D:2      | Reached XP level 4. HP: 30/37 MP: 4/4
   898 | D:2      | Reached skill level 1 in Throwing
  1736 | D:3      | Found a runed translucent door.
  1740 | D:3      | Noticed kae's ghost (amateur DsTm)
  2084 | D:3      | Reached skill level 2 in Armour
  2099 | D:3      | Reached XP level 5. HP: 42/42 MP: 5/5
  2102 | D:3      | Reached skill level 4 in Fighting
  2102 | D:3      | Reached skill level 5 in Long Blades
  2227 | D:3      | Killed kae's ghost
  2228 | D:3      | Reached skill level 4 in Dodging
  2256 | D:3      | Reached XP level 6. HP: 31/48 MP: 6/6
  2325 | D:4      | Reached skill level 2 in Throwing
  2576 | D:4      | Reached skill level 6 in Long Blades
  2576 | D:4      | Reached XP level 7. HP: 37/55 MP: 7/7
  2590 | D:4      | Reached *** piety under Trog
  2878 | D:5      | Entered Level 5 of the Dungeon
  2946 | D:5      | Identified the +2 ring mail of the Distant Future {rElec
                  | rC+ Regen+ Int-4}
  3002 | D:5      | Reached skill level 5 in Dodging
  3010 | D:5      | Found a staircase to the Ecumenical Temple.
  3034 | D:5      | Reached skill level 5 in Fighting
  3046 | D:5      | Reached skill level 7 in Long Blades
  3046 | D:5      | Reached skill level 3 in Throwing
  3080 | D:5      | Reached XP level 8. HP: 62/62 MP: 8/8
  3175 | D:5      | Reached skill level 3 in Armour
  3217 | D:5      | HP: 2/62 [poisoned by a gnoll]
  3644 | D:6      | Reached skill level 6 in Dodging
  3648 | D:6      | Reached skill level 8 in Long Blades
  3772 | D:6      | Reached skill level 4 in Throwing
  3817 | D:6      | Reached XP level 9. HP: 61/69 MP: 9/9
  3827 | D:6      | Found a basalt altar of Yredelemnul.
  3961 | D:6      | Reached **** piety under Trog
  3962 | D:6      | Reached skill level 6 in Fighting
  4122 | D:7      | Reached skill level 9 in Long Blades
  4151 | D:7      | Found a stormy altar of Qazlal.
  4151 | D:7      | Noticed Maggie
  4160 | D:7      | Killed Maggie
  4161 | D:7      | Reached skill level 7 in Dodging
  4178 | D:7      | Reached skill level 4 in Armour
  4403 | D:7      | Reached skill level 5 in Throwing
  4417 | D:7      | Reached skill level 10 in Long Blades
  4666 | D:7      | Reached skill level 7 in Fighting
  4666 | D:7      | Reached XP level 10. HP: 77/79 MP: 10/10
  4730 | D:7      | Found a runed translucent door.
  4730 | D:7      | Noticed a two-headed ogre
  4730 | D:7      | Noticed a black mamba
  4731 | D:7      | Noticed a death knight
  4731 | D:7      | Noticed a white ugly thing
  4732 | D:7      | Found a runed translucent door.
  4732 | D:7      | Found a runed translucent door.
  4737 | D:7      | a black mamba changed into a yaktaur
  5017 | D:7      | Noticed a fire crab
  5125 | D:8      | Noticed a deep elf pyromancer
  5159 | D:8      | Killed a deep elf pyromancer
  5160 | D:8      | Reached skill level 8 in Dodging
  5389 | D:8      | Noticed Maurice
  5406 | D:8      | Reached ***** piety under Trog
  5407 | D:8      | Reached skill level 11 in Long Blades
  5467 | D:8      | Killed Maurice
  5468 | D:8      | Reached skill level 6 in Throwing
  5570 | D:8      | You fall into a shaft and drop 1 floor!
  5667 | D:8      | Identified the +1 plate armour of Lethargy {rC+}
  5821 | D:8      | Noticed a two-headed ogre
  5837 | D:8      | Killed a two-headed ogre
  5838 | D:8      | Reached skill level 5 in Armour
  5838 | D:8      | Reached skill level 9 in Dodging
  5913 | D:9      | Noticed a two-headed ogre
  5920 | D:9      | Killed a two-headed ogre
  5921 | D:9      | Reached skill level 8 in Fighting
  5921 | D:9      | Reached skill level 12 in Long Blades
  5921 | D:9      | Reached XP level 11. HP: 86/86 MP: 11/11
  6014 | D:9      | Found Gozag's Platinum Reserve.
  6019 | D:9      | Found an opulent altar of Gozag.
  6218 | D:9      | Found a staircase to the Orcish Mines.
  6420 | D:10     | Entered Level 10 of the Dungeon
  6642 | D:10     | Found a staircase to the Lair.
  6863 | D:10     | Reached skill level 7 in Throwing
  6999 | D:10     | Reached skill level 13 in Long Blades
  7000 | D:10     | Reached skill level 10 in Dodging
  7072 | D:10     | Found Piasao's Antique Weapon Emporium.
  7616 | D:11     | Noticed a boulder beetle
  7645 | D:11     | Killed a boulder beetle
  7646 | D:11     | Reached skill level 9 in Fighting
  7647 | D:11     | Reached skill level 1 in Evocations
  7772 | D:11     | Noticed a centaur warrior
  7773 | D:11     | Noticed a centaur warrior
  7787 | D:11     | Killed a centaur warrior
  7788 | D:11     | Reached skill level 6 in Armour
  7788 | D:11     | Reached XP level 12. HP: 49/95 MP: 12/12
  7796 | D:11     | Killed a centaur warrior
  7797 | D:11     | Reached skill level 2 in Evocations
  8158 | D:11     | Noticed a boulder beetle
  8169 | D:11     | Killed a boulder beetle
  8170 | D:11     | Reached skill level 14 in Long Blades
  8430 | Lair:1   | Entered Level 1 of the Lair of Beasts
  8460 | Lair:1   | Noticed Sonja
  8468 | Lair:1   | Killed Sonja
  8543 | Lair:1   | Reached skill level 3 in Evocations
  8656 | Lair:1   | Received a gift from Trog
  8662 | Lair:1   | Noticed Urug
  8665 | Lair:1   | Reached skill level 8 in Throwing
  8674 | Lair:1   | Reached skill level 11 in Dodging
  8683 | Lair:1   | HP: 7/145 [constriction (7)]
  8685 | Lair:1   | Killed Urug
  9317 | Lair:2   | Noticed a catoblepas
  9317 | Lair:2   | Found a staircase to the Swamp.
  9351 | Lair:2   | Killed a catoblepas
  9352 | Lair:2   | Reached skill level 10 in Fighting
  9372 | Lair:2   | Found an ornate altar of the Wu Jian Council.
  9446 | Lair:2   | Reached skill level 4 in Evocations
  9516 | Lair:2   | Reached XP level 13. HP: 59/103 MP: 13/13
  9666 | Lair:2   | Reached skill level 15 in Long Blades
  9898 | Lair:2   | Found a staircase to the Snake Pit.
  9912 | Lair:2   | Noticed Gastronok
  9929 | Lair:2   | Killed Gastronok
 10389 | Lair:3   | Reached skill level 7 in Armour
 10631 | Lair:3   | Reached skill level 12 in Dodging
 10743 | Lair:3   | Reached skill level 9 in Throwing
 10743 | Lair:3   | Reached skill level 5 in Evocations
 10749 | Lair:3   | Received a gift from Trog
 11157 | Lair:4   | Identified the ring "Adoatuc" {rF+ SInv}
 11908 | Lair:5   | Entered Level 5 of the Lair of Beasts
 12076 | Lair:5   | Reached skill level 16 in Long Blades
 12106 | Lair:5   | Found a frozen archway.
 12141 | Lair:5   | Reached skill level 11 in Fighting
 12160 | IceCv    | Entered an ice cave
 12259 | IceCv    | Identified the +0 leather armour of the Wumpus {rC++}
 12524 | IceCv    | Noticed an ice dragon
 12541 | IceCv    | Reached XP level 14. HP: 66/113 MP: 14/14
 12631 | IceCv    | Identified the amulet of Exof {Reflect rC+ SH+5}
 12844 | Lair:5   | Reached skill level 6 in Evocations
 13114 | Lair:5   | Identified the +7 trident "Worm" {flame, rF- Dex+5}
 13165 | Lair:5   | Paralysed by a floating eye for 4 turns
 13251 | Lair:5   | Found a staircase to the Slime Pits.
 13251 | Lair:5   | Found a viscous altar of Jiyva.
 13405 | Lair:5   | Received a gift from Trog
 13406 | Lair:5   | Reached skill level 13 in Dodging
 13664 | Lair:5   | Reached skill level 10 in Throwing
 13748 | Lair:5   | Identified the +7 hand axe of the Thing {freeze, rCorr
                  | Int+4}
 13839 | Lair:5   | Reached skill level 17 in Long Blades
 14420 | D:12     | Reached skill level 8 in Armour
 14625 | D:12     | Reached ****** piety under Trog
 14738 | D:12     | Reached skill level 7 in Evocations
 14963 | D:12     | Found a portal to a secret trove of treasure.
 15231 | D:13     | Noticed Frances
 15246 | D:13     | Killed Frances
 15381 | D:13     | Reached XP level 15. HP: 32/120 MP: 15/15
 15747 | D:13     | Identified the amulet of Gozag's Indignation {Acrobat
                  | Contam rCorr Int+3}
 15764 | D:13     | Reached skill level 12 in Fighting
 16195 | D:13     | Found a runed translucent door.
 16352 | D:13     | Identified the +0 leather armour of Gogiolism {Str+4 SInv}
 16388 | D:13     | Paralysed by a great orb of eyes for 2 turns
 16421 | D:13     | Received a gift from Trog
 16422 | D:13     | Reached skill level 14 in Dodging
 16836 | Orc:1    | Entered Level 1 of the Orcish Mines
 16982 | Orc:1    | Reached skill level 18 in Long Blades
 17081 | Orc:1    | HP: 3/121 [orc knight/+0 long sword (16)]
 17214 | Orc:1    | Found Ceziruge's CLEARANCE SALE!.
 17222 | Orc:1    | Bought a potion of might for 20 gold pieces
 17727 | Orc:2    | Entered Level 2 of the Orcish Mines
 17930 | Orc:2    | Found Xuoruihob's Distillery.
 17947 | Orc:2    | Found a gate leading to a gauntlet.
 17956 | Gauntlet | Entered a Gauntlet
 17956 | Gauntlet | Found a transporter.
 17968 | Gauntlet | Found a transporter.
 17980 | Gauntlet | Found a transporter.
 17985 | Gauntlet | Found a transporter.
 18000 | Gauntlet | Found a transporter.
 18019 | Gauntlet | Found a transporter.
 18031 | Gauntlet | Found a transporter.
 18043 | Gauntlet | Found a transporter.
 18055 | Gauntlet | Found a transporter.
 18066 | Gauntlet | Found the ring of the Hare {EV+10}
 18067 | Gauntlet | Found a transporter.
 18084 | Gauntlet | Found a transporter.
 18101 | Gauntlet | Found a transporter.
 18103 | Gauntlet | Found a transporter.
 18130 | Gauntlet | Found a transporter.
 18130 | Gauntlet | Found a transporter.
 18132 | Gauntlet | Found a transporter.
 18156 | Gauntlet | Found a transporter.
 18200 | Gauntlet | Found a transporter.
 18387 | Gauntlet | Identified the +0 short sword of the Invisible Runes {vamp,
                  | Dex+3}
 18440 | Orc:2    | Reached skill level 8 in Evocations
 18870 | Orc:2    | Received a gift from Trog
 18931 | Orc:2    | Found Usawkemy's Armour Shoppe.
 18943 | Orc:2    | Bought a potion of berserk rage for 50 gold pieces
 18943 | Orc:2    | Bought a potion of brilliance for 40 gold pieces
 19091 | Orc:2    | Found a staircase to the Elven Halls.
 19210 | Orc:2    | Reached skill level 11 in Throwing
 19509 | Orc:2    | Found Jaudeodd's Distillery.
 19524 | Orc:2    | Found Aranniaf's Armour Boutique.
 19526 | Orc:2    | Bought a potion of might for 52 gold pieces
 19526 | Orc:2    | Bought a potion of might for 52 gold pieces
 19526 | Orc:2    | Bought a potion of heal wounds for 65 gold pieces
 19526 | Orc:2    | Bought a potion of haste for 130 gold pieces
 19526 | Orc:2    | Bought a potion of haste for 130 gold pieces
 19529 | Orc:2    | Found Xudacioczi's Assorted Antiques.
 19531 | Orc:2    | Bought a +1 pair of boots for 161 gold pieces
 19538 | Orc:2    | Found Ruyqunn's Antique Armour Shoppe.
 19547 | Orc:2    | Bought a shiny helmet for 240 gold pieces
 19602 | Orc:2    | Bought a potion of curing for 30 gold pieces
 19602 | Orc:2    | Bought a potion of curing for 30 gold pieces
 19602 | Orc:2    | Bought a potion of resistance for 100 gold pieces
 20041 | D:7      | Reached XP level 16. HP: 91/129 MP: 16/16
 20091 | D:7      | Identified the amulet "Wuyw" {Acrobat rPois}
 20593 | D:14     | Found an iron altar of Okawaru.
 20649 | D:14     | Reached skill level 19 in Long Blades
 20936 | D:14     | Reached skill level 9 in Armour
 20949 | D:14     | Reached skill level 13 in Fighting
 20955 | D:14     | Received a gift from Trog
 21074 | D:14     | Reached skill level 15 in Dodging
 21093 | D:14     | Found a gate to the Vaults.
 21135 | D:15     | Entered Level 15 of the Dungeon
 21210 | D:15     | Paralysed by an orc sorcerer for 4 turns
 22021 | D:15     | Reached skill level 9 in Evocations
 22427 | D:15     | Found a staircase to the Depths.
 22690 | Swamp:1  | Entered Level 1 of the Swamp
 23051 | Swamp:1  | Identified the +5 falchion "Thing" {holy, *Rage Fly rN+++}
 23143 | Swamp:1  | Noticed a fenstrider witch
 23163 | Swamp:1  | Killed a fenstrider witch
 23597 | Swamp:2  | Noticed a thorn hunter
 23633 | Swamp:1  | Killed a thorn hunter
 23714 | Swamp:2  | Reached XP level 17. HP: 117/137 MP: 17/17
 23762 | Swamp:2  | Reached skill level 12 in Throwing
 23823 | Swamp:2  | Reached skill level 20 in Long Blades
 24515 | Swamp:3  | HP: 4/138 [constriction (12)]
 24524 | Swamp:3  | Received a gift from Trog
 24525 | Swamp:3  | Reached skill level 16 in Dodging
 24905 | Swamp:3  | Reached skill level 10 in Evocations
 25312 | Swamp:4  | Entered Level 4 of the Swamp
 25328 | Swamp:3  | Reached skill level 14 in Fighting
 25732 | Swamp:4  | Paralysed by an orc sorcerer for 4 turns
 25836 | Swamp:4  | Gained mutation: Your magical capacity is low. (-10% MP) [a
                  | neqoxec]
 26806 | Swamp:4  | Reached skill level 10 in Armour
 27000 | Swamp:4  | Reached skill level 21 in Long Blades
 27000 | Swamp:4  | Reached XP level 18. HP: 81/146 MP: 16/16
 27459 | Swamp:4  | Paralysed by a fenstrider witch for 3 turns
 27467 | Swamp:4  | Paralysed by a fenstrider witch for 2 turns
 27470 | Swamp:4  | Received a gift from Trog
 28039 | Swamp:4  | Got a decaying rune of Zot
 28320 | Snake:1  | Entered Level 1 of the Snake Pit
 28331 | Snake:1  | Noticed Jorgrun
 28332 | Snake:1  | Noticed Louise
 28350 | Snake:1  | Killed Jorgrun
 28369 | Snake:1  | Killed Louise
 28423 | Snake:1  | Reached skill level 13 in Throwing
 28494 | Snake:1  | Noticed Agnes
 28501 | Snake:1  | Identified the +7 kite shield "Fout" {Rampage rC++ MP+9}
 28501 | Snake:1  | Noticed Asterion
 28784 | Lair:2   | Killed Agnes
 29015 | Snake:1  | HP: 3/220 [anaconda (10)]
 29015 | Snake:1  | Annihilated by Asterion

Illustrated notes

Levels and vault maps discovered:
D:1:      dpeg_arrival_radiant, layout_basic, chequers_serial_rivers_micro_c
D:2:      layout_basic
D:3:      layout_basic, gammafunk_ghost_grave, roderic_serpentine_path,
          kennysheep_generic_room_9
D:4:      layout_cave_pools, grunt_ministairs_7, minivault_1
D:5:      layout_loops_cross, minmay_temple_entry_junction
D:6:      layout_basic, kennysheep_mini_moat, serial_rivers,
          chequers_serial_rivers_room_b, chequers_serial_rivers_micro_b,
          chequers_serial_rivers_micro_c, chequers_serial_rivers_micro_b
D:7:      minmay_the_grid_triangle_9x9_rhombus_full
          [minmay_the_grid_triangle_9x9_zippers_horizontal,
          minmay_the_grid_triangle_9x9_fully_insulated_deathbox,
          minmay_the_grid_triangle_9x9_shrine,
          minmay_the_grid_triangle_9x9_flanged_cone,
          minmay_the_grid_triangle_9x9_corrupted_corridor,
          minmay_the_grid_triangle_9x9_alien,
          minmay_the_grid_triangle_9x9_cache,
          minmay_the_grid_triangle_9x9_prize_center], layout_cave_pools,
          mainiacjoe_overflow_six_doors_small, nicolae_kite_square_tiling_tiny,
          minmay_misc_feat_hallway, uniq_maggie
D:8:      layout_gridville, minivault_25, uniq_maurice
D:9:      layout_basic, nicolae_gozag_zags_fifth_avenue, orc_0_dummy
D:10:     cheibrodos_frozen_isle, layout_stronghold, lair_entry_dummy,
          serial_shops, shop
D:11:     layout_basic, minmay_radiant
D:12:     layout_small_grid, nicolae_trove_entry_diagonal,
          dreamdust_princess_corridor
D:13:     mludivico_vault, layout_long_grid, uniq_frances
D:14:     layout_rooms, ximxim_vaults_locker_room, okawaru_gym_becter
D:15:     gammafunk_enter_depths_forms, layout_cave_pools, abandoned_shop
Lair:1:   layout_loops_ring, dreamdust_mushroom_princess, grunt_megastairs_5,
          uniq_urug, uniq_sonja
Lair:2:   layout_gridlike, swamp_mist_pool, minmay_snake_entry_guardpost_medium,
          basic_altar, uniq_gastronok
Lair:3:   layout_misc_corridors, st_stairs_9, fungi_pond_lemuel
Lair:4:   layout_regular_city, serial_bayou_shore_a
Lair:5:   minmay_lair_end_enchanted_forest, layout_cave_shapes,
          minmay_slime_entry_eyes, portal_ice_cave_entry_ice_simulacra,
          grunt_megastairs_3
Swamp:1:  layout_falls_marsh, evilmike_swamp_ruin_house_1,
          nicolae_swamp_frolicking_bunyips
Swamp:2:  layout_basic_swamp, serial_swamp_ruin, evilmike_swamp_ruin_house_6,
          evilmike_swamp_ruin_rubble_1, evilmike_swamp_ruin_house_4
Swamp:3:  layout_falls_marsh, infiniplex_staircase_pool_2, swamp_pool4,
          st_swamp_ruins_4
Swamp:4:  nzn_swamp_witches_coven, layout_basic_swamp
Snake:1:  layout_rooms, uniq_jorgrun, uniq_agnes, uniq_louise, uniq_asterion,
          uniq_aizul
Orc:1:    layout_caves, special_room [special_room_orc], basic_altar,
          dreamdust_deal_with_the_devil, abandoned_shop, library_closet,
          nicolae_shop_clearance
Orc:2:    st_orc_elflike, layout_diamond_mine, special_room,
          gauntlet_entry_generic, guppyfry_orc_lava_fort

Skill      XL: |  1  2  3  4  5  6  7  8  9 10 11 12 13 14 15 16 17 18 |
---------------+-------------------------------------------------------+-----
Dodging        | 3 4 5 6 7 9 10 11 12 13 14 15 16 | 16.9
Long Blades    | 4 5 6 7 8 10 12 13 14 16 17 18 19 21 | 21.4
Throwing       | 1 2 3 4 5 6 7 8 9 10 11 12 13 | 13.0
Armour         | 2 3 4 5 6 7 8 9 10 | 10.3
Fighting       | 4 5 7 8 9 10 11 12 13 14 | 14.6
Evocations     | 1 4 5 7 8 9 10 | 10.9

Action                     |  1- 3 |  4- 6 |  7- 9 | 10-12 | 13-15 | 16-18 || total
---------------------------+-------+-------+-------+-------+-------+-------++-------
  Melee: Falchion          |    82 |       |       |       |       |       ||    82
         Trident           |    21 |   105 |   268 |   714 |  1541 |  1071 ||  3720
         Punch             |       |       |     1 |    12 |     1 |       ||    14
         Tailslap          |       |       |       |     2 |     2 |    57 ||    61
         Triple sword      |       |       |       |       |       |   408 ||   408
  Throw: Dart              |       |       |       |     5 |     3 |     6 ||    14
 Invoke: Berserk           |     1 |     2 |     4 |     8 |    26 |    20 ||    61
         Trog's Hand       |       |       |     1 |     1 |     1 |     4 ||     7
  Evoke: Wand              |       |       |       |     4 |    20 |     6 ||    30
         Tin of tremorston |       |       |       |       |     2 |       ||     2
         Lightning rod     |       |       |       |       |     3 |     2 ||     5
         Condenser vane    |       |       |       |       |     2 |     2 ||     4
         Piece from Xom's  |       |       |       |       |       |     1 ||     1
    Use: Scroll            |       |       |     9 |     9 |    14 |     8 ||    40
         Potion            |       |       |     2 |       |       |     2 ||     4
   Stab: Petrified         |       |       |       |     3 |       |       ||     3
 Armour: Animal skin       |     4 |       |       |       |       |       ||     4
         Scale mail        |    25 |    22 |       |       |       |       ||    47
         Chain mail        |       |     4 |    11 |    10 |       |       ||    25
         Ring mail         |       |       |   134 |   393 |   703 |   334 ||  1564
         Swamp dragon scal |       |       |       |       |       |    98 ||    98
  Dodge: Dodged            |    62 |    37 |   204 |   645 |  1643 |  2288 ||  4879
  Block: Orb               |       |       |       |       |   287 |   319 ||   606
         Reflection        |       |       |       |       |    10 |     3 ||    13
         Other             |       |       |       |       |       |    98 ||    98

Table legend: (Time is in decaauts)
 A = Elapsed time spent in this place.
 B = Non-inter-level travel time spent in this place.
 C = Inter-level travel time spent in this place.
 D = Time resting spent in this place.
 E = Time spent auto-exploring this place.
 F = Levels seen in this place.
 G = Mean time per level.
                   A        B        C        D        E       F      G
               +--------+--------+--------+--------+--------+-----+--------+
         Total |  30206 |  27772 |   2434 |   4874 |  12766 |  29 | 1041.6 |
       Dungeon |  14824 |  13266 |   1558 |   1147 |   7857 |  15 |  988.3 |
          Lair |   6702 |   6073 |    629 |   1076 |   2953 |   5 | 1340.4 |
         Swamp |   5100 |   5006 |     94 |   2318 |   1061 |   4 | 1275.0 |
     Snake Pit |    182 |    177 |      5 |      0 |     33 |   1 |  182.0 |
  Orcish Mines |   2284 |   2139 |    145 |    205 |    860 |   2 | 1142.0 |
      Ice Cave |    600 |    600 |      0 |     35 |      0 |   1 |  600.0 |
      Gauntlet |    511 |    511 |      0 |     92 |      0 |   1 |  511.0 |
               +--------+--------+--------+--------+--------+-----+--------+

Top non-repeatable levels by time:
 Swamp:3: 2234 daAuts
  Lair:5: 1787 daAuts
  Lair:2: 1737 daAuts
    D:13: 1716 daAuts
    D:10: 1598 daAuts
     D:7: 1475 daAuts
   Orc:2: 1376 daAuts
  Lair:1: 1331 daAuts
 Swamp:4: 1286 daAuts
    D:15: 1060 daAuts
    D:14: 1053 daAuts
  Lair:4: 1045 daAuts
    D:12: 1012 daAuts
    D:11: 950 daAuts
     D:8: 910 daAuts
